Unix NetHack Version 3.7.0-53 Work-in-progress - last build Apr 11 2022 03:59:15 (1e4a17dd8e4cd83bd3ef5d46a59529246cfc2aae,branch:master). Game began 2022-04-13 05:26:30, ended 2022-04-13 05:56:50. spontiff, neutral male gnomish Healer ---- ------------ ----- |..--- ----..........-- |...| ) |....---- ---......------..-- |...-##-# |.......| ----........--- --..---- ---.....#- ---.---.---- |.............----|.....--- |..--#..| |.| |....-- |.................|.......-------|....#-.| |.| |..^..| |........................^.......---.[.#.-- |.| ---..-- --.......[..0..............-----..||).....| ---- -- |.| |.---- --.......--.........----.-- |..-.||###-..#--..| .| |.--- |.--.| |...---..........--- --- |....--.###.......| |.| |...|--....| --.----.--.-....-- --------.**..##-.#...#- ----|.| |..(||.*...-------....||......| --.--.--|.....#*#.|...# ----..-|.-- |..--|.*...........----|......| --....^.||.....-##..-##- |.|..@Z|..---|..| --.|.---------- -.....-------......----.....-#..#-## |...rr.x....--..-- ----- ..--................| ---........#.-- --...---.........-- ...- --.....-----.....---- --.-........| |.*.| |.)........| |.. ---....| ---....|.-- |..........-- |...|--..---.....| --. --..-- |....*^.| ----........| --.--|.<.| --.---- | ---- --..*---- |........| --- --.-- --- |..-- ---.#.#.-- --- ---- --##### Spontiff the Rhizotomist St:7 Dx:10 Co:16 In:9 Wi:17 Ch:17 Neutral S:150 Dlvl:4 $:1048 HP:0(57) Pw:4(7) AC:4 Xp:1/0 T:1961 Fainted Deaf Latest messages: Your movements are now unencumbered. You drop a cursed potion called murky 50z. You drop a blessed potion called orange 300z. You drop an uncursed potion called orange 300z. You drop an uncursed potion called ruby 50z. You drop an uncursed potion called sickness. You drop 2 uncursed potions of oil. You see here a horn. V - a horn. What do you want to use or apply? [ijsxAPSV or ?*] V Improvise? [ynq] (q) y You start playing your horn. You produce a frightful, grave sound. What do you want to adjust? [g-kpqsvx-zADFKMPRSV or ?*] V Adjust letter to what [a-fl-ortuwBCEG-JLNOQT-Z] (? see used letters)? W Moving: W - a horn. What do you want to call? [g-jpqvzADFMPRSW or ?*] W Call a horn: tooled well, it might've been cornu :\: unknown extended command. You descend the stairs. You see here 12 darts. What do you want to eat? [y or ?*] Never mind. In what direction? . You feel better. You faint from lack of food. The sewer rat bites! You regain consciousness. The sewer rat bites! The sewer rat bites! The sewer rat bites! You faint from lack of food. The sewer rat bites! The sewer rat bites! The sewer rat bites! The sewer rat bites! The sewer rat bites! The sewer rat bites! The kobold zombie misses! The sewer rat bites! The sewer rat bites! The kobold zombie hits! The sewer rat bites! The sewer rat bites! The kobold zombie just misses! The sewer rat bites! The sewer rat bites! You die... Do you want your possessions identified? [ynq] (y) y Do you want to see the dungeon overview? [ynq] (y) q Major events: Turn 1: spontiff the neutral male gnomish Healer entered the dungeon 1400: entered the Gnomish Mines 1961: killed by a sewer rat, while fainted from lack of food Inventory: Coins $ - 1048 gold pieces Weapons k - an uncursed +0 elven dagger K - an uncursed +0 scalpel (alternate weapon; not wielded) Armor h - an uncursed +0 dwarvish iron helm (being worn) g - an uncursed +1 pair of leather gloves (being worn) v - an uncursed +0 pair of iron shoes (being worn) q - an uncursed +0 dwarvish cloak (being worn) Comestibles y - an uncursed apple Spellbooks i - a blessed spellbook of extra healing P - a blessed spellbook of healing A - a blessed spellbook of stone to flesh Potions R - an uncursed potion of acid M - an uncursed potion of booze F - 2 uncursed potions of fruit juice p - an uncursed potion of see invisible D - an uncursed potion of sleeping Rings z - an uncursed ring of hunger Wands S - an uncursed wand of sleep (0:7) Tools W - an uncursed tooled horn x - a cursed brass lantern s - an uncursed stethoscope Gems/Stones j - an uncursed touchstone Spontiff the Healer's attributes: Background: You were a Rhizotomist, a level 1 male gnomish Healer. You were neutral, on a mission for Hermes who was opposed by Athena (lawful) and Poseidon (chaotic). You were in the Gnomish Mines, on level 4. You entered the dungeon 1961 turns ago. It was nighttime. You had 0 experience points, 20 were needed to attain level 2. Your score was 150 before end-of-game adjustments. Basics: You had 0 out of 57 hit points. You had 4 out of 7 energy points (spell power). Your armor class was 4. Your wallet contained 1048 zorkmids. Autopickup was on for '$!/="?' plus thrown, with exceptions. Final Characteristics: Your strength was 7 (base:8, limit:18/50). Your dexterity was 10 (limit:18). Your constitution was 16 (limit:18). Your intelligence was 9 (limit:19). Your wisdom was 17 (limit:18). Your charisma was 17 (limit:18). Final Status: You were deaf. You were fainted due to starvation. You were unencumbered. You were empty handed. You were unskilled in bare handed combat. Final Attributes: You were devoutly aligned. You were poison resistant. You had infravision. You were warded. You are dead. Miscellaneous: You never encountered a bones level. Total elapsed playing time was 30 minutes and 20 seconds. Vanquished creatures: 2 dwarves a gas spore 2 hobbits a large kobold 2 gnomes 2 gnome zombies 4 geckos 6 jackals 2 kobolds 2 goblins 5 lichens 2 kobold zombies 3 newts 34 creatures vanquished. No species were genocided or became extinct. Voluntary challenges: You never hit with a wielded weapon. You were a pacifist. You read items or engraved 1 time. You engraved Elbereth 1 time. You never genocided any monsters. You never polymorphed an object. You never changed form. You used no wishes. Achievements: You entered a shop. You entered the Gnomish Mines. The Dungeons of Doom: levels 1 to 3 Level 1: Level 2: A potion shop, an altar to Hermes. Level 3: "magic trap" Stairs down to The Gnomish Mines. The Gnomish Mines: Level 4: <- You were here. Final resting place for you, killed by a sewer rat, while fainted from lack of food. Game over: ---------- / \ / REST \ / IN \ / PEACE \ / \ | spontiff | | 1048 Au | | killed by a | | sewer rat | | | | | | 2022 | *| * * * | * _________)/\\_//(\/(/\)/\//\/|_)_______ Goodbye spontiff the Healer... You died in The Gnomish Mines on dungeon level 4 with 150 points, and 1048 pieces of gold, after 1961 moves. You were level 1 with a maximum of 57 hit points when you died.